 Dungeon Crawl Stone Soup version 0.27-a0-40-g5f2be0e231 (webtiles) character file.

Game seed: 4013167245929599157

66 Essalna the Gusty (level 4, 0/24 HPs)
             Began as a Tengu Air Elementalist on Jan 5, 2021.
             Succumbed to a goblin's poison
             ... on level 2 of the Dungeon.
             The game lasted 00:04:59 (1925 turns).

Essalna the Gusty (Tengu Air Elementalist)          Turns: 1925, Time: 00:05:00

Health: 0/24       AC:  2    Str:  9    XL:     4   Next: 15%
Magic:  8/9        EV: 12    Int: 16    God:
Gold:   100        SH:  0    Dex: 14    Spells: 7/8 levels left

rFire    . . .     SeeInvis .   d - +0 dagger
rCold    . . .     Faith    .   (no shield)
rNeg     . . .     Spirit   .   c - +0 robe
rPois    .         Reflect  .   (helmet restricted)
rElec    .         Harm     .   (no cloak)
rCorr    .         Rampage  .   (no gloves)
Will     .....                  (boots unavailable)
Stlth    ++........             (no amulet)
HPRegen  0.08/turn              (no ring)
MPRegen  0.11/turn              (no ring)

@: lethally poisoned (0 -> -1)
A: beak, talons 3
a: no special abilities


You were on level 2 of the Dungeon.
You visited 1 branch of the dungeon, and saw 2 of its levels.

You collected 100 gold pieces.

Inventory:

Hand Weapons
 d - a +0 dagger (weapon)
Armour
 a - a +0 robe
 c - a +0 robe (worn)
Magical Staves
 j - an uncursed staff of death
Scrolls
 b - 2 scrolls of amnesia
 f - a scroll of identify
 g - 4 scrolls of remove curse
 k - a scroll of magic mapping
 m - a scroll of fog


   Skills:
 - Level 2.1 Dodging
 - Level 2.0 Stealth
 + Level 2.7 Spellcasting
 + Level 3.2 Conjurations
 + Level 5.0 Air Magic


You had 7 spell levels left.
You knew the following spells:

 Your Spells              Type           Power        Failure   Level
a - Shock                 Conj/Air       60%          3%          1

Your spell library contained the following spells:

 Spells                   Type           Power        Failure   Level
 Swiftness                Air            18%          3%          2
 Static Discharge         Conj/Air       15%          11%         3
 Airstrike                Air            9%           24%         4
 Lightning Bolt           Conj/Air       7%           69%         5


Dungeon Overview and Level Annotations

Branches:
Dungeon (2/15)

Altars:


Innate Abilities, Weirdness & Mutations

You have a beak for a mouth.
You have claws for feet.


Message History

You feel sick.
* * * LOW HITPOINT WARNING * * *
You feel sick.
* * * LOW HITPOINT WARNING * * *
You feel sick.
* * * LOW HITPOINT WARNING * * *
You feel sick.
Your transformation is almost over.
* * * LOW HITPOINT WARNING * * *
You feel sick.
* * * LOW HITPOINT WARNING * * *
You feel sick.
You feel less wooden.
Your +0 robe unmelds from your body.
There is a lethal amount of poison in your body!
You aren't carrying any potions.
* * * LOW HITPOINT WARNING * * *
You feel sick.
You feel less attractive to monsters.
You see here a kobold skeleton.
You die...

,,,,,,,* ##........#.##....
,,,***,* #.....#.###.#....# ,,,*
*,*** #.##....##........
,,,***,,,* #.*#..###..##.....
,*,,,***,*##**##.*#..#
#.#####.#. ****,*
*,,,..,#..##..###.####.... *,*
*****#.#.#...##...##....#. *,*
*####.)...#.#..####.....† *,**
*.......@.÷..(.......#.## *,,*
*.........).#.#####.#..##
**,***......)......###...#.##
**,,,,.....##.##..#....###.#
***,,,,,.#####...........###.#
*,,,,,,,,**,....†..)####..†..###
*,**,**,,,,.##.#..#.#* ####.....
**,,,,,,,,,,,,..#.$#..* #.####
*,,,**,,,**,*****,,**,** ##.# #


There were no monsters in sight!

Vanquished Creatures
  An adder (D:2)
  2 worms
  A dart slug (D:2)
  2 leopard geckos
  4 bats
  A giant cockroach (D:1)
  4 hobgoblins (D:1)
  4 jackals
  A ball python (D:1)
  3 frilled lizards (D:1)
  10 goblins
  6 kobolds
  7 rats
46 creatures vanquished.

Notes
Turn   | Place    | Note
-------+----------+-------------------------------------------
     0 | D:1      | Essalna the Tengu Air Elementalist began the quest for the
                  | Orb.
     0 | D:1      | Reached XP level 1. HP: 10/10 MP: 4/4
   157 | D:1      | Reached XP level 2. HP: 10/15 MP: 1/6
   711 | D:1      | Reached XP level 3. HP: 19/19 MP: 5/7
  1717 | D:2      | Reached XP level 4. HP: 24/24 MP: 4/9
  1883 | D:2      | Reached skill level 5 in Air Magic
  1921 | D:2      | HP: 1/24 [poisoned by a goblin]
  1925 | D:2      | Succumbed to a goblin's poison

Illustrated notes

Levels and vault maps discovered:
D:1:      amcnicky_arrival_flooded_fountain, layout_basic
D:2:      layout_rooms

Skill      XL: |  1  2  3  4 |
---------------+-------------+-----
Conjurations   | 2 3 |  3.2
Air Magic      | 5 |  5.0
Dodging        | |  2.1
Stealth        | |  2.0
Spellcasting   | |  2.7

Action                   |  1- 3 |  4- 6 || total
-------------------------+-------+-------++-------
Melee: Dagger            |    17 |     6 ||    23
       Peck              |     3 |       ||     3
       Kick              |     3 |     1 ||     4
 Cast: Shock             |    82 |    19 ||   101
  Use: Scroll            |       |     6 ||     6
       Potion            |       |     2 ||     2
Armor: Robe              |     4 |     2 ||     6
Dodge: Dodged            |    38 |     4 ||    42

Table legend: (Time is in decaauts)
 A = Elapsed time spent in this place.
 B = Non-inter-level travel time spent in this place.
 C = Inter-level travel time spent in this place.
 D = Time resting spent in this place.
 E = Time spent auto-exploring this place.
 F = Levels seen in this place.
 G = Mean time per level.
                   A        B        C        D        E       F      G
               +--------+--------+--------+--------+--------+-----+--------+
         Total |   1924 |   1917 |      7 |      0 |   1623 |   2 |  962.0 |
       Dungeon |   1924 |   1917 |      7 |      0 |   1623 |   2 |  962.0 |
               +--------+--------+--------+--------+--------+-----+--------+

Top non-repeatable levels by time:
     D:1: 1218 daAuts
     D:2: 706 daAuts
